 Dungeon Crawl Stone Soup version 0.28.0-49-g6dfe1f597d (webtiles) character file.

Game seed: 2636915364112408557

704 Exodus22XD the Poker (level 7, -6/52 HPs)
             Began as a Demonspawn Gladiator on May 15, 2022.
             Mangled by Sigmund
             ... wielding a +0 scythe
              (7 damage)
             ... on level 5 of the Dungeon.
             The game lasted 00:04:17 (4613 turns).

Exodus22XD the Poker (Demonspawn Gladiator)         Turns: 4613, Time: 00:04:18

Health: -6/52      AC: 10    Str: 16    XL:     7   Next: 39%
Magic:  7/7        EV: 11    Int: 10    God:
Gold:   202        SH:  0    Dex: 14    Spells: 6/6 levels left

rFire   . . .      SeeInvis .   a - +0 trident
rCold   . . .      Faith    .   (no shield)
rNeg    . . .      Spirit   .   h - +0 scale mail
rPois   .          Reflect  .   c - +0 helmet
rElec   .          Harm     .   (no cloak)
rCorr   .          Rampage  .   (no gloves)
Will    .....                   (no boots)
Stlth   ..........              (no amulet)
HPRegen 0.17/turn               (no ring)
MPRegen 0.10/turn               (no ring)

@: confused
A: thin metallic scales 1, foul stench 1, spiny 1
a: no special abilities


You were on level 5 of the Dungeon.
You visited 1 branch of the dungeon, and saw 5 of its levels.

You collected 202 gold pieces.

Inventory:

Hand Weapons
 a - a +0 trident (weapon)
 j - a +2 hand axe of flaming
Missiles
 d - 3 throwing nets (quivered)
Armour
 b - a +0 leather armour
 c - a +0 helmet (worn)
 h - a +0 scale mail (worn)
Jewellery
 g - a ring of flight
Wands
 n - a wand of polymorph (4)
 q - a wand of paralysis (10)
Scrolls
 e - 2 scrolls of vulnerability
 i - a scroll of teleportation
 k - a scroll of enchant weapon
 l - a scroll of blinking {unknown}
 m - a scroll of acquirement {unknown}
 r - a scroll of immolation {unknown}
Potions
 f - a potion of curing {unknown}
 p - a potion of haste


   Skills:
 + Level 3.4 Fighting
 + Level 5.3 Polearms
 + Level 1.8 Throwing
 + Level 3.7 Armour
 + Level 4.0 Dodging
 + Level 0.4 Stealth
 + Level 0.9 Unarmed Combat


You had 6 spell levels left.
You didn't know any spells.
Your spell library contained the following spells:

 Spells                   Type           Power      Damage    Failure   Level
 Animate Skeleton         Necr           0%         N/A       78%         1
 Apportation              Tloc           0%         N/A       78%         1
 Summon Small Mammal      Summ           0%         N/A       78%         1
 Leda's Liquefaction      Hex/Erth       0%         N/A       100%        4
 Lee's Rapid Deconstruct  Erth           0%         3d5*      100%        5
 Statue Form              Tmut/Erth      0%         N/A       100%        6


Dungeon Overview and Level Annotations

Branches:
Dungeon (5/15)
 Temple: D:4-7

Altars:

Shops:
D:1 :

Annotations:
D:5 Sigmund


Innate Abilities, Weirdness & Mutations

You are partially covered in thin metallic scales. (AC +2)
You may rarely emit foul miasma when damaged in melee.
You are partially covered in sharp spines.


Message History

The puff of flame hits you.
* * * LOW HITPOINT WARNING * * *
An orc comes into view. It is wielding a +0 dagger.
You are too confused!
The orc shouts!
An orc comes into view. It is wielding a +0 flail.
The orc shouts!
The orc wizard gestures at you while chanting.
You are more confused.
An orc priest comes into view. It is wielding a +0 club.
A puff of flame appears from out of thin air!
The puff of flame hits you but does no damage.
A magic dart appears from out of thin air!
The magic dart hits you.
* * * LOW HITPOINT WARNING * * *
The orc priest shouts!
A black bear comes into view.
The orc misses you.
The orc wizard gestures wildly while chanting.
The orc wizard flickers and vanishes!
The orc closely misses you.
You barely miss the orc. The orc is struck by your spines.
The orc closely misses you. The orc barely misses you. x2
You hit the orc.
The orc is heavily wounded.
The orc is struck by your spines. The orc hits you with a +0 dagger.
* * * LOW HITPOINT WARNING * * *
The orc hits you but does no damage.
You barely miss the orc.
The orc is heavily wounded.
The orc is struck by your spines. The orc closely misses you.
The orc is struck by your spines.
You kill the orc!
The orc barely misses you.
You hear some strange, mumbled words.
A puff of flame appears from out of thin air!
The puff of flame misses you. Something hits you!
* * * LOW HITPOINT WARNING * * *
The orc hits you but does no damage. Something hits you!
You die...

.... .. #[.# #### #..#
#... ###..# #... ....#
.. #... #)o###.... ####
#.o....... ###o#######
#####
##..@..##########....
........................
.####.....######........
####### #........
##....##..
#######......#..
#............#..
#............#..
#............#..


You could see an orc priest and 2 orcs.

Vanquished Creatures
  Eustachio (D:5)
  Menkaure (D:4)
  A necrophage (D:4)
  A phantom (D:5)
  Blork the orc (D:5)
  An orc priest (D:4)
  An iguana (D:4)
  An orc wizard (D:3)
  3 adders
  An ufetubus (D:5)
  A worm (D:3)
  2 dart slugs
  7 orcs
  5 endoplasms
  3 giant cockroaches
  9 goblins
  12 hobgoblins
  5 jackals
  3 quokkas
  5 ball pythons
  5 bats
  5 frilled lizards
  7 kobolds
  3 rats
84 creatures vanquished.

Notes
Turn   | Place    | Note
-------+----------+-------------------------------------------
     0 | D:1      | Exodus22XD the Demonspawn Gladiator began the quest for the
                  | Orb.
     0 | D:1      | Reached XP level 1. HP: 16/16 MP: 1/1
   263 | D:1      | Gained mutation: You may rarely emit foul miasma when
                  | damaged in melee. [demonic ancestry]
   263 | D:1      | Reached XP level 2. HP: 19/22 MP: 2/2
   373 | D:1      | Reached skill level 3 in Polearms
   409 | D:1      | Found a faded altar of an unknown god.
   761 | D:1      | Found Nutzeip's Book Boutique.
   871 | D:2      | Reached XP level 3. HP: 12/27 MP: 3/3
  1294 | D:2      | Reached skill level 1 in Armour
  1940 | D:3      | Reached XP level 4. HP: 23/33 MP: 4/4
  2913 | D:4      | Noticed Menkaure
  2923 | D:4      | Killed Menkaure
  2924 | D:4      | Reached skill level 4 in Polearms
  2924 | D:4      | Gained mutation: You are partially covered in sharp spines.
                  | [demonic ancestry]
  2924 | D:4      | Reached XP level 5. HP: 7/39 MP: 5/5
  3186 | D:4      | Gained mutation: You are partially covered in thin metallic
                  | scales. (AC +2) [demonic ancestry]
  3186 | D:4      | Reached XP level 6. HP: 11/46 MP: 6/6
  4135 | D:5      | Entered Level 5 of the Dungeon
  4149 | D:5      | Noticed Eustachio
  4169 | D:5      | Killed Eustachio
  4170 | D:5      | Reached skill level 5 in Polearms
  4170 | D:5      | Reached XP level 7. HP: 15/52 MP: 7/7
  4535 | D:5      | Noticed Blork the orc
  4547 | D:5      | Killed Blork the orc
  4578 | D:5      | Noticed Sigmund
  4611 | D:5      | HP: 1/52 [something (8)]
  4613 | D:5      | Mangled by Sigmund

Illustrated notes

Levels and vault maps discovered:
D:1:      amcnicky_arrival_gap_in_the_tavern_cellar, layout_rooms, serial_shops,
          nicolae_lakefront_shop, ebering_ecumenical_altar_webs,
          minmay_octomino_c4
D:2:      layout_loops_cross, glass_columns_a
D:3:      layout_rooms
D:4:      layout_cave_pools, uniq_menkaure
D:5:      layout_basic, minmay_temple_entry_statues, st_stairs_8,
          kennysheep_generic_room_16, uniq_sigmund, uniq_eustachio,
          uniq_blork_the_orc

Skill      XL: |  1  2  3  4  5  6  7 |
---------------+----------------------+-----
Dodging        | 3 4 |  4.0
Polearms       | 3 4 5 |  5.3
Armour         | 1 2 3 |  3.7
Fighting       | 3 |  3.4
Throwing       | |  1.8
Stealth        | |  0.4
Unarmed Combat | |  0.9

Action                   |  1- 3 |  4- 6 |  7- 9 || total
-------------------------+-------+-------+-------++-------
Melee: Trident           |   177 |   136 |    41 ||   354
       Punch             |     2 |     1 |     1 ||     4
       Unarmed           |       |     7 |       ||     7
  Use: Potion            |       |     1 |       ||     1
       Scroll            |       |       |     5 ||     5
Armor: Leather armour    |    33 |       |       ||    33
       Scale mail        |    33 |    39 |     9 ||    81
       Skin              |       |     3 |       ||     3
Dodge: Dodged            |   109 |    54 |    25 ||   188
